 Dungeon Crawl Stone Soup version 0.30-a0-860-g512cf1e979 (webtiles) character file.

Game seed: 1157816076350923836

4876 zenocrate the Martial Artist (level 10, -3/109 HPs)
             Began as an Octopode Transmuter on Mar 7, 2023.
             Was an Initiate of Gozag.
             Slain by an orc warrior
             ... wielding a +0 glaive
              (7 damage)
             ... on level 9 of the Dungeon.
             The game lasted 00:08:58 (8262 turns).

zenocrate the Martial Artist (Octopode Transmuter)  Turns: 8262, Time: 00:08:58

Health: -3/109     AC:  8    Str: 10    XL:     10   Next: 50%
Magic:  18/22      EV: 10    Int: 20    God:    Gozag
Gold:   506        SH:  0    Dex: 12    Spells: 0/13 levels left

rFire   . . .      SeeInvis .      - Unarmed
rCold   + + +      Faith    .    (shield currently unavailable)
rNeg    + . .      Spirit   .    (helmet currently unavailable)
rPois   +          Reflect  .    a - amulet of the acrobat
rElec   +          Rampage  .    F - ring "Hitaycat" {*Slow rElec rC+ rN+ rCorr MP+9}
rCorr   +                        v - ring of fire
Will    .....                    (no ring) Stlth
                                 (no ring)
HPRegen 0.38/turn                (no ring)
MPRegen 0.18/turn                (no ring)
                                 (no ring)
                                 (no ring)

@: berserking, ice-form, wereblooded, gold aura, slowed
A: freezing attack, boosted hp, almost no armour, amphibious, 8 rings, large,
(camouflage 1), (gelatinous body 1), (nimble swimmer 1), (tentacles)
a: End Transformation, Renounce Religion, Potion Petition, Call Merchant, Bribe
Branch


You were on level 9 of the Dungeon.
You worshipped Gozag.
Gozag was pleased with you.
You were a creature of crystalline ice.
You visited 2 branches of the dungeon, and saw 10 of its levels.
You also visited: Sewer.

You collected 752 gold pieces.
You spent 101 gold pieces at shops.
You paid 145 gold pieces to Gozag.

Inventory:

Missiles
 E - a throwing net
Jewellery
 a - an amulet of the acrobat (around neck)
 v - a ring of fire (right front paw)
 F - the ring "Hitaycat" (left front paw) {*Slow rElec rC+ rN+ rCorr MP+9}
   (You took it off an orc on level 8 of the Dungeon)

   [ring of protection from cold]

   rC:        It protects you from cold.
   rElec:     It insulates you from electricity.
   rN:        It protects you from negative energy.
   MP:        It affects your magic capacity (+9).
   rCorr:     It protects you from acid and corrosion.
   *Slow:     It may slow you when you take damage.
Wands
 f - a wand of flame (34)
 m - a wand of iceblast (9)
 r - a wand of digging (4)
Scrolls
 c - a scroll of enchant weapon {unknown}
 d - 2 scrolls of fog {unknown}
 e - a scroll of noise {unknown}
 g - a scroll of fear {unknown}
 h - 2 scrolls of summoning {unknown}
 i - 4 scrolls of teleportation
 k - 2 scrolls of immolation
 l - 2 scrolls of amnesia {unknown}
 p - 2 scrolls of blinking {unknown}
 q - a scroll of silence {unknown}
 s - 2 scrolls of magic mapping {unknown}
 u - 2 scrolls of enchant armour
 C - a scroll of poison {unknown}
Potions
 b - 3 potions of attraction
 j - 2 potions of heal wounds
 n - 2 potions of flight
 o - 3 potions of haste
 w - a potion of brilliance
 x - a potion of invisibility
 z - a potion of mutation
 A - a potion of resistance
 B - a potion of cancellation
 D - 2 potions of ambrosia {unknown}
 H - 2 potions of magic {unknown}
 I - 2 potions of curing {unknown}
Miscellaneous
 y - a tin of tremorstones (2/2)


   Skills:
 + Level 2.7 Fighting
 + Level 3.1 Dodging
 - Level 1.9 Stealth
 + Level 10.1 Unarmed Combat
 - Level 2.0 Spellcasting
 * Level 10.1 Transmutations
 - Level 4.1 Ice Magic
 + Level 2.0 Earth Magic


You couldn't memorise any spells.
You knew the following spells:

 Your Spells              Type           Power      Damage    Failure   Level
a - Ice Form              Ice/Tmut       30%        N/A       9%          4
b - Wereblood             Tmut           42%        N/A       1%          2
c - Beastly Appendage     Tmut           84%        N/A       1%          1
d - Statue Form           Tmut/Erth      17%        N/A       89%         6

Your spell library contained the following spells:

 Spells                   Type           Power      Damage    Failure   Level
 Spider Form              Tmut/Pois      22%        N/A       6%          3
 Ozocubu's Armour         Ice            18%        N/A       9%          3
 Slow                     Hex            8%         N/A       16%         1
 Confusing Touch          Hex            2%         N/A       43%         3
 Vampiric Draining        Necr           2%         2d6       43%         3
 Leda's Liquefaction      Hex/Erth       3%         N/A       71%         4
 Lee's Rapid Deconstruct  Erth           5%         3d6*      88%         5
 Ozocubu's Refrigeration  Ice            9%         4d9       100%        7


Dungeon Overview and Level Annotations

Branches:
Dungeon (9/15)             Temple (1/1) D:7           Sewer (visited)
   Lair: D:8-11         Orc: D:9-12

Altars:
Ashenzari
Cheibriados
Dithmenos
Elyvilon
Fedhas
Gozag
Hepliaklqana
Kikubaaqudgha
Makhleb
Nemelex Xobeh
Okawaru
Qazlal
Ru
Sif Muna
Trog
Uskayaw
Vehumet
Wu Jian
Xom
Yredelemnul
Zin
The Shining One

Shops:
D:4 *

Annotations:
Temple 2 transporters


Innate Abilities, Weirdness & Mutations

You are a creature of crystalline ice.
You have a powerful freezing melee attack.
Your maximum health is increased.
Your armour is entirely melded.
You are incapable of wielding weapons or throwing items.
You cannot wear most types of armour.
You are amphibious.
You can wear up to eight rings at the same time.
((Your skin changes colour to match your surroundings (Stealth+).))
((Your rubbery body absorbs attacks. (AC +1, EV +1)))
((You are camouflaged when in or above water. (Stealth+)))
((You have tentacles for arms and can constrict up to eight enemies at once.))


Message History

The centaur hits you but does no damage.
The centaur misses you. The troll bites you.
The troll claws you but does no damage. The troll barely misses you.
The orc warrior hits you from afar with a +0 glaive!
Unknown command.
You hit the two-headed ogre. You freeze the two-headed ogre.
The two-headed ogre is severely wounded.
The centaur hits you.
* * * LOW HITPOINT WARNING * * *
The centaur kicks you but does no damage.
The two-headed ogre misses you. The two-headed ogre barely misses you.
The troll bites you!
* * * LOW HITPOINT WARNING * * *
The troll closely misses you. x2; The orc warrior closely misses you.
You pummel the two-headed ogre!! You freeze the two-headed ogre.
You feel a bit better.
You kill the two-headed ogre!
You howl as the wereblood boils in your veins!
The centaur is distracted by your dazzling golden aura.
Your Dodging skill increases to level 3!
Your Transmutations skill increases to level 10!
Your Earth Magic skill increases to level 2!
The centaur shouts!
You punch the centaur! You freeze the centaur.
The centaur is no longer distracted by gold.
The centaur is heavily wounded.
The orc warrior hits you from afar with a +0 glaive!
* * * LOW HITPOINT WARNING * * *
The troll bites you!
* * * LOW HITPOINT WARNING * * *
The troll claws you but does no damage. The troll claws you.
* * * LOW HITPOINT WARNING * * *
The centaur hits you.
* * * LOW HITPOINT WARNING * * *
The centaur closely misses you.
You pummel the centaur!! You freeze the centaur.
You feel a bit better.
You kill the centaur!
The orc warrior hits you from afar with a +0 glaive!
You die...
Your body crumbles into a pile of gold.

...#....#.........
......#....#.........
.... #....#.........
..... #....#.........
..... #... #.........
....#######....#...
..##..##.........#...
......T#:........# .
......$Y.........#
......$.........)#
.....o.#.........#
...>...###########
....... .......
....... ..##..#


You could see a troll and an orc warrior.

Vanquished Creatures
  A two-headed ogre (D:9)
  Pikel (D:4)
  Sigmund (D:2)
  Eustachio (D:6)
  A steam dragon (D:7)
  Edmund (D:4)
  3 water moccasins
  Duvessa (D:4)
  Pargi (Sewer)
  2 ice beasts
  2 black bears
  2 orc warriors (D:7)
  A sky beast (D:6)
  An ogre (D:6)
  2 centaurs
  3 lemures (D:4)
  4 phantoms
  3 kobold brigands (D:8)
  Blork the orc (D:4)
  A gnoll sergeant (D:7)
  3 bullfrogs (D:6)
  Dowan (D:4)
  4 howler monkeys
  2 jellies
  5 hounds
  5 orc priests
  4 sleepcaps
  2 gnoll boudas
  2 iguanas (D:5)
  5 orc wizards
  9 gnolls
  8 adders
  A shadow imp (D:6)
  An ufetubus (D:6)
  A worm (D:4)
  A dart slug (D:1)
  35 orcs
  5 ball pythons
  7 endoplasms
  5 giant cockroaches
  7 goblins
  4 hobgoblins
  6 jackals (D:1)
  21 kobolds
  4 quokkas
  8 bats
  5 frilled lizards
  8 rats
202 creatures vanquished.

Notes
Turn   | Place    | Note
-------+----------+-------------------------------------------
     0 | D:1      | zenocrate the Octopode Transmuter began the quest for the
                  | Orb.
     0 | D:1      | Reached XP level 1. HP: 13/13 MP: 3/3
     3 | D:1      | Noticed an electric eel
     4 | D:1      | Noticed an electric eel
    82 | D:1      | Reached skill level 1 in Stealth
    86 | D:1      | Reached XP level 2. HP: 9/18 MP: 5/5
    89 | D:1      | Learned a level 2 spell: Wereblood
   281 | D:1      | Found a faded altar of an unknown god.
   450 | D:1      | Reached XP level 3. HP: 22/23 MP: 6/6
   926 | D:2      | Found a blossoming altar of Fedhas.
   985 | D:2      | Noticed a phantom
  1005 | D:2      | Killed a phantom
  1006 | D:2      | Reached XP level 4. HP: 24/28 MP: 4/7
  1008 | D:2      | Reached XP level 5. HP: 27/33 MP: 4/8
  1272 | D:2      | Noticed Sigmund
  1282 | D:2      | Killed Sigmund
  1283 | D:2      | Reached skill level 5 in Unarmed Combat
  1283 | D:2      | Reached XP level 6. HP: 30/38 MP: 6/9
  1288 | D:2      | Learned a level 4 spell: Ice Form
  2084 | D:3      | Reached skill level 1 in Ice Magic
  2096 | D:3      | Reached skill level 5 in Transmutations
  2594 | D:4      | Noticed Edmund
  2606 | D:4      | Killed Edmund
  2607 | D:4      | Reached XP level 7. HP: 37/43 MP: 3/10
  2783 | D:4      | Noticed Dowan
  2785 | D:4      | Noticed Duvessa
  2805 | D:4      | Killed Duvessa
  2813 | D:4      | Killed Dowan
  2825 | D:4      | Noticed Pikel
  2860 | D:4      | Killed Pikel
  2861 | D:4      | Reached XP level 8. HP: 37/48 MP: 8/11
  2993 | D:4      | Found Axaig's Assorted Antiques.
  3058 | D:4      | Bought a scroll labelled CYOMIEWUROY for 26 gold pieces
  3058 | D:4      | Bought a scroll labelled RUICIO EQAMEU for 26 gold pieces
  3058 | D:4      | Bought a scroll labelled CYOMIEWUROY for 26 gold pieces
  3058 | D:4      | Bought a fuming puce potion for 23 gold pieces
  3143 | D:4      | Found a shimmering altar of Xom.
  3200 | D:4      | Found a glowing drain.
  3213 | Sewer    | Entered a sewer
  3255 | Sewer    | Noticed Pargi
  3268 | Sewer    | Killed Pargi
  3545 | D:4      | Noticed Blork the orc
  3547 | D:4      | Killed Blork the orc
  3749 | D:5      | Entered Level 5 of the Dungeon
  3876 | D:5      | Reached XP level 9. HP: 53/53 MP: 12/12
  3948 | D:5      | Found a bloodstained altar of Trog.
  4548 | D:5      | Found a sacrificial altar of Ru.
  4548 | D:5      | Found a glowing golden altar of the Shining One.
  4752 | D:6      | Noticed Eustachio
  4767 | D:6      | Killed Eustachio
  5960 | D:6      | Found a sparkling altar of Nemelex Xobeh.
  6020 | D:6      | Reached XP level 10. HP: 49/58 MP: 6/13
  6094 | D:6      | Found an ornate altar of the Wu Jian Council.
  6405 | D:7      | Learned a level 6 spell: Statue Form
  6478 | D:7      | Found a staircase to the Ecumenical Temple.
  6544 | Temple   | Entered the Ecumenical Temple
  6544 | Temple   | Found a transporter.
  6544 | Temple   | Found a transporter.
  6546 | Temple   | Found a transporter.
  6546 | Temple   | Found a transporter.
  6568 | Temple   | Became a worshipper of Gozag Ym Sagoz the Greedy
  6863 | D:7      | Reached skill level 1 in Earth Magic
  7302 | D:8      | Identified the ring "Hitaycat" {*Slow rElec rC+ rN+ rCorr
                  | MP+9}
  7606 | D:8      | Reached skill level 10 in Unarmed Combat
  7822 | D:8      | You fall into a shaft and drop 1 floor!
  8253 | D:9      | Noticed a two-headed ogre
  8260 | D:9      | Killed a two-headed ogre
  8261 | D:9      | Reached skill level 10 in Transmutations
  8261 | D:9      | HP: 5/109 [troll (7)]
  8261 | D:9      | HP: 2/109 [troll (3)]
  8262 | D:9      | Slain by an orc warrior

Illustrated notes

Levels and vault maps discovered:
D:1:      arrival_aquarium_b, layout_loops_ring,
          hellmonk_ecumenical_altar_leap_of_faith, columned_hall_lemuel
D:2:      layout_basic, basic_altar, uniq_sigmund
D:3:      layout_basic, serial_bayou, serial_bayou_pond_e, serial_bayou_pond_c,
          serial_bayou_pond_b, serial_bayou_pond_b
D:4:      layout_rooms, serial_shops, kennysheep_little_box,
          gup_sewer_entry_pipe, serial_curves, eino_curves_01, eino_curves_01,
          minmay_misc_feat_plants, kennysheep_small_circle, uniq_duvessa,
          uniq_blork_the_orc, uniq_edmund, uniq_pikel
D:5:      layout_rooms, gammafunk_temple_overflow_elements,
          mainiacjoe_overflow_surrounded_room, nicolae_kite_square_tiling_tiny,
          chequers_arboretum
D:6:      minmay_diamond_boxcup, layout_loops_ring,
          nicolae_wu_jian_glorious_leap, nemelex_spade_bored_becter,
          mrwooster_statue_mirror, uniq_eustachio
D:7:      layout_basic, temple_pool_b, corexii_item_surrounded_by_moat,
          grunt_ministairs_14
D:8:      layout_loops_ring
D:9:      layout_grid_maze, st_stairs_5, grunt_decor_fettered,
          minmay_splitting_lines, kennysheep_donut, kennysheep_generic_room_15
Temple:   hellmonk_temple_divided_pantheon

Skill      XL: |  1  2  3  4  5  6  7  8  9 10 |
---------------+-------------------------------+-----
Stealth        | 1 |  1.9
Unarmed Combat | 4 5 6 7 9 10 | 10.1
Transmutations | 3 4 5 6 7 9 10 | 10.1
Ice Magic      | 2 4 |  4.1
Fighting       | 2 |  2.7
Earth Magic    | 2 |  2.0
Dodging        | 3 |  3.1
Spellcasting   | |  2.0

Action                     |  1- 3 |  4- 6 |  7- 9 | 10-12 || total
---------------------------+-------+-------+-------+-------++-------
  Melee: Unarmed           |    78 |    76 |   244 |   113 ||   511
         Tentacles         |    13 |     9 |     4 |       ||    26
         Constrict         |    17 |    13 |     6 |       ||    36
         Kick              |     7 |    12 |     2 |       ||    21
         Punch             |       |     2 |     2 |       ||     4
   Cast: Beastly Appendage |     7 |    10 |     3 |       ||    20
         Wereblood         |     4 |     9 |    15 |    10 ||    38
         Ice Form          |       |     1 |    21 |    10 ||    32
    Use: Potion            |     1 |     1 |     3 |     1 ||     6
         Scroll            |       |       |     9 |     3 ||    12
   Stab: Sleeping          |     2 |     1 |     4 |       ||     7
         Distracted        |       |       |       |     1 ||     1
 Armour: Skin              |    18 |    15 |    79 |    34 ||   146
  Dodge: Dodged            |    53 |    45 |   152 |    67 ||   317

Table legend: (Time is in decaauts)
 A = Elapsed time spent in this place.
 B = Non-inter-level travel time spent in this place.
 C = Inter-level travel time spent in this place.
 D = Time resting spent in this place.
 E = Time spent auto-exploring this place.
 F = Levels seen in this place.
 G = Mean time per level.
                   A        B        C        D        E       F      G
               +--------+--------+--------+--------+--------+-----+--------+
         Total |   8193 |   7830 |    363 |     78 |   6456 |  11 |  744.8 |
       Dungeon |   7965 |   7611 |    354 |     78 |   6320 |   9 |  885.0 |
        Temple |     41 |     32 |      9 |      0 |      6 |   1 |   41.0 |
         Sewer |    186 |    186 |      0 |      0 |    130 |   1 |  186.0 |
               +--------+--------+--------+--------+--------+-----+--------+

Top non-repeatable levels by time:
     D:6: 1515 daAuts
     D:4: 1006 daAuts
     D:5: 980 daAuts
     D:7: 949 daAuts
     D:8: 916 daAuts
     D:1: 853 daAuts
     D:3: 848 daAuts
     D:2: 831 daAuts
   Sewer: 186 daAuts
     D:9: 64 daAuts
  Temple: 41 daAuts
